 Dungeon Crawl Stone Soup version 0.29-a0-559-g359e09b (webtiles) character file.

Game seed: 4606956397026949606

202 BingusPrime the Magician (level 6, 0/40 HPs)
             Began as a Djinni Conjurer on June 10, 2022.
             Killed by nerve-wracking pain
             ... invoked by Menkaure
              (11 damage)
             ... on level 4 of the Dungeon.
             The game lasted 00:11:10 (4446 turns).

BingusPrime the Magician (Djinni Conjurer)          Turns: 4446, Time: 00:11:11

Health: 0/40       AC:  3    Str:  6    XL:     6   Next: 8%
Gold:   164        EV: 12    Int: 22    God:
                   SH:  0    Dex: 11

rFire   + + .      SeeInvis .   (no weapon)
rCold   x . .      Faith    .   (no shield)
rNeg    . . .      Spirit   .   a - +0 robe
rPois   ∞          Reflect  .   (no helmet)
rElec   .          Harm     .   (no cloak)
rCorr   .          Rampage  .   u - +0 pair of gloves
Will    .....                   (boots unavailable)
Stlth   ++........              (no amulet)
HPRegen 0.13/turn               (no ring)
MPRegen 0.00/turn               (no ring)

@: flying
A: sickness immunity, fire resistance 2, cold vulnerability 1, float, innate
caster, HP casting, extra vitality 1
a: no special abilities


You were on level 4 of the Dungeon.
You visited 1 branch of the dungeon, and saw 4 of its levels.

You collected 164 gold pieces.

Inventory:

Missiles
 n - 4 poisoned darts
Armour
 a - a +0 robe (worn)
 h - a +0 pair of boots
 u - a +0 pair of gloves (worn)
Wands
 l - a wand of iceblast (11)
 q - a wand of acid (8)
Scrolls
 b - a scroll of immolation {unknown}
 d - 3 scrolls of magic mapping {unknown}
 e - 3 scrolls of identify {unknown}
 g - a scroll of poison {unknown}
 j - 2 scrolls of noise {unknown}
 k - a scroll of acquirement {unknown}
 m - a scroll of enchant weapon {unknown}
 p - a scroll of teleportation {unknown}
 t - a scroll of enchant armour {unknown}
Potions
 c - 2 potions of degeneration {unknown}
 f - a potion of lignification {unknown}
 i - a potion of cancellation {unknown}
 o - 2 potions of haste {unknown}
 r - a potion of ambrosia {unknown}
 s - a potion of might {unknown}


   Skills:
 + Level 3.6 Dodging
 + Level 2.9 Stealth
 * Level 4.4 Spellcasting


You couldn't memorise any spells.
You knew the following spells:

 Your Spells              Type           Power      Damage    Failure   Level
a - Magic Dart            Conj           96%        1d7       1%          1
b - Searing Ray           Conj           48%        2d6       2%          2
c - Dazzling Flash        Conj/Hex       48%        N/A       5%          3
d - Fulminant Prism       Conj/Hex       12%        3d9       17%         4
e - Iskenderun's Mystic   Conj/Tloc      24%        2d7       17%         4
f - Summon Small Mammal   Summ           96%        N/A       1%          1
g - Call Imp              Summ           24%        N/A       2%          2
Your spell library was empty.

Dungeon Overview and Level Annotations

Branches:
Dungeon (4/15)
 Temple: D:4-7

Altars:

Annotations:
D:4 Menkaure


Innate Abilities, Weirdness & Mutations

You are immune to sickness and miasma.
You are immune to poison.
Your flesh is very heat resistant. (rF++)
You are vulnerable to cold. (rC-)
You float through the air rather than walking.
You learn spells naturally, not from books.
Your magical power is your life essence.
You have superior vitality. (+4 MHP)


Message History

Aim: a hound (lightly wounded, 69% to hit)
The searing ray hits the hound.
You kill the hound!
The searing ray hits the hound!
The hound is severely wounded. (Press . to maintain the ray.)
Casting: Searing Ray (safe; 2% risk of failure)
Confirm with . or Enter, or press ? or * to list all spells.
Restarting spell: Searing Ray (safe; 2% risk of failure)
Press: ? - help, Shift-Dir - straight line, f/p - hound
Aim: a hound (severely wounded, 69% to hit)
The searing ray hits the hound!
You kill the hound! (Press . to maintain the ray.) Menkaure, Prince of Dust comes into view.
You have reached level 6!
Casting: Searing Ray (safe; 2% risk of failure)
Confirm with . or Enter, or press ? or * to list all spells.
The spell is quite dangerous to miscast (17% risk of failure)!
Continue anyway?
Aiming: Fulminant Prism (quite dangerous; 17% risk of failure)
Press: ? - help, Dir - move target You conjure a prism of explosive energy!
A fulminant prism comes into view.
Menkaure gestures wildly while chanting.
Menkaure seems to speed up.
Your fulminant prism crackles loudly.
Your fulminant prism explodes!
The blast of energy engulfs Menkaure!
Menkaure is moderately damaged.
Casting: Fulminant Prism (quite dangerous; 17% risk of failure)
Confirm with . or Enter, or press ? or * to list all spells.
Okay, then.
Menkaure gestures at you while chanting.
Pain shoots through your body!
* * * LOW HITPOINT WARNING * * *
You see here a hound corpse.
Unknown command.
Menkaure gestures at you while chanting.
Pain shoots through your body!
You die...

#..# #..#
##..#
...# #.M#
#..# #.†#
$#
#..##..##
#.@.....#
+.......#
#.†##..##
#..# ..#
+... ..#
#... .#
#..## ##
#..#


You could see Menkaure (fast).

Vanquished Creatures
  3 hounds (D:4)
  3 adders
  An ufetubus (D:4)
  3 worms (D:3)
  2 dart slugs (D:2)
  A ball python (D:1)
  6 endoplasms
  4 giant cockroaches
  3 goblins (D:3)
  9 hobgoblins
  9 jackals
  7 bats
  4 frilled lizards (D:1)
  8 kobolds
  5 rats
68 creatures vanquished.

Vanquished Creatures (others)
  A fulminant prism (D:4)
  A withered plant (D:1)
2 creatures vanquished.

Grand Total: 70 creatures vanquished

Notes
Turn   | Place    | Note
-------+----------+-------------------------------------------
     0 | D:1      | BingusPrime the Djinni Conjurer began the quest for the
                  | Orb.
     0 | D:1      | Reached XP level 1. HP: 15/15 MP: 0/0
   126 | D:1      | Reached XP level 2. HP: 14/21 MP: 0/0
   625 | D:1      | Found a faded altar of an unknown god.
   962 | D:1      | Reached XP level 3. HP: 10/25 MP: 0/0
   962 | D:1      | Learned a level 1 spell: Summon Small Mammal
  2202 | D:2      | Reached XP level 4. HP: 30/31 MP: 0/0
  3423 | D:3      | Reached skill level 4 in Spellcasting
  3805 | D:3      | Reached XP level 5. HP: 35/35 MP: 0/0
  3805 | D:3      | Learned a level 2 spell: Call Imp
  4440 | D:4      | Noticed Menkaure
  4441 | D:4      | Reached XP level 6. HP: 28/40 MP: 0/0
  4446 | D:4      | Killed from afar by Menkaure

Illustrated notes

Levels and vault maps discovered:
D:1:      amcnicky_arrival_double_pillar, layout_basic,
          ebering_ecumenical_altar_petrified
D:2:      layout_basic, roderic_malta_cross, palyth_stone_intersect,
          grunt_decor_junction, dk_noncrumbling_2, kennysheep_pointless_box,
          roderic_roman_lattice
D:3:      layout_loops_ring, nicolae_figureground_pulse
D:4:      layout_gridville, ebering_ghost_sewer_f, uniq_menkaure

Skill      XL: |  1  2  3  4 |
---------------+-------------+-----
Stealth        | 2 |  2.9
Dodging        | 3 |  3.6
Spellcasting   | 4 |  4.4

Action                   |  1- 3 |  4- 6 || total
-------------------------+-------+-------++-------
Melee: Unarmed           |     6 |    13 ||    19
 Cast: Magic Dart        |    55 |    65 ||   120
       Searing Ray       |    16 |    20 ||    36
       Summon Small Mamm |     4 |       ||     4
       Call Imp          |       |     1 ||     1
       Fulminant Prism   |       |     1 ||     1
Armor: Robe              |     1 |     1 ||     2
Dodge: Dodged            |    10 |     8 ||    18

Table legend: (Time is in decaauts)
 A = Elapsed time spent in this place.
 B = Non-inter-level travel time spent in this place.
 C = Inter-level travel time spent in this place.
 D = Time resting spent in this place.
 E = Time spent auto-exploring this place.
 F = Levels seen in this place.
 G = Mean time per level.
                   A        B        C        D        E       F      G
               +--------+--------+--------+--------+--------+-----+--------+
         Total |   4445 |   4271 |    174 |    604 |   3317 |   4 | 1111.2 |
       Dungeon |   4445 |   4271 |    174 |    604 |   3317 |   4 | 1111.2 |
               +--------+--------+--------+--------+--------+-----+--------+

Top non-repeatable levels by time:
     D:1: 1974 daAuts
     D:3: 1253 daAuts
     D:2: 1148 daAuts
     D:4: 68 daAuts
